 Dungeon Crawl Stone Soup version 0.28.0-47-ge53b351184 (webtiles) character file.

Game seed: 10640477157603263467

6766 bobregger the Fighter (level 11, -6/130 HPs)
             Began as an Ogre Berserker on Apr 28, 2022.
             Was a Priest of Trog.
             Mangled by a death yak (26 damage)
             ... on level 9 of the Dungeon.
             The game lasted 00:13:45 (10647 turns).

bobregger the Fighter (Ogre Berserker)             Turns: 10647, Time: 00:13:46

Health: -6/130     AC:  6    Str: 23    XL:     11   Next: 4%
Magic:  11/11      EV: 13    Int:  8    God:    Trog [***...]
Gold:   476        SH:  0    Dex: 12    Spells: 10/10 levels left

rFire   . . .      SeeInvis .   u - +3 dire flail (freeze)
rCold   . . .      Faith    .   (shield currently unavailable)
rNeg    . . .      Spirit   .   g - +0 steam dragon scales
rPois   .          Reflect  .   (helmet restricted)
rElec   .          Harm     .   (no cloak)
rCorr   .          Rampage  .   (gloves unavailable)
Will    +....                   (boots unavailable)
Stlth   +.........              i - amulet of regeneration
HPRegen 1.11/turn               (no ring)
MPRegen 0.12/turn               (no ring)

@: no status effects
A: large, unfitting armour, tough skin 1
a: Renounce Religion, Berserk, Trog's Hand


You were on level 9 of the Dungeon.
You worshipped Trog.
Trog was most pleased with you.
You visited 1 branch of the dungeon, and saw 10 of its levels.
You also visited: Sewer.

You collected 476 gold pieces.

Inventory:

Hand Weapons
 e - a +0 giant spiked club
 u - a +3 dire flail of freezing (weapon)
Armour
 g - +0 steam dragon scales (worn)
Jewellery
 i - an amulet of regeneration (around neck)
 r - a +6 ring of dexterity
Wands
 k - a wand of flame (16)
 p - a wand of acid (6)
 q - a wand of paralysis (13)
 x - a wand of polymorph (5)
Scrolls
 b - a scroll of blinking {unknown}
 c - 6 scrolls of identify
 d - 2 scrolls of immolation
 f - a scroll of vulnerability {unknown}
 h - 2 scrolls of silence {unknown}
 m - a scroll of fog {unknown}
 o - a scroll of amnesia {unknown}
 t - 4 scrolls of fear {unknown}
 v - a scroll of magic mapping {unknown}
 w - a scroll of enchant armour {unknown}
Potions
 a - 4 potions of flight
 j - 2 potions of degeneration
 l - a potion of cancellation
 n - a potion of lignification {unknown}


   Skills:
 * Level 14.0 Fighting
 + Level 7.3 Maces & Flails
 * Level 10.0 Dodging


You had 10 spell levels left.
You didn't know any spells.
Your spell library was empty.

Dungeon Overview and Level Annotations

Branches:
Dungeon (10/15)            Temple (0/1) D:4            Lair (0/6) D:10
  Sewer (visited)
    Orc: D:9-12

Altars:
Cheibriados

Shops:
D:3 ?   D:9 *

Annotations:
D:6 3 runed translucent doors, pkoi's ghost, novice DgCj


Innate Abilities, Weirdness & Mutations

You are too large for most types of armour.
You have tough skin. (AC +1)


Message History

Trog accepts your kill.
Your Fighting skill increases to level 14!
Your Dodging skill increases to level 10!
You have reached level 11!
A death yak comes into view.
Found a staircase to the Lair.
The death yak bellows!
You feel a strong urge to attack something.
You are no longer berserk.
You are exhausted.
You feel yourself slow down.
There is a stone staircase leading up here.
You climb upwards.
There is a stone staircase leading down here.
You start resting.
HP restored.
You start waiting.
You feel yourself speed up.
You start waiting.
You recover from your berserk rage.
You start waiting.
Done waiting.
You climb downwards.
The death yak gores you! The death yak gores you.
The death yak barely misses you. The death yak gores you!
The death yak gores you but does no damage.
The death yak gores you!
There is a stone staircase leading up, spattered with blood here.
The death yak barely misses you. The death yak gores you! x3
The death yak completely misses you.
You climb upwards.
There is a stone staircase leading down here.
Unknown command.
Your two-headed ogre goes berserk!
You can no longer call in reinforcements.
The death yak gores you!
* * * LOW HITPOINT WARNING * * *
The death yak gores you!!
* * * LOW HITPOINT WARNING * * *
The death yak gores you!!
You die...

.## ##.# ###..... .# #..# ####'#
'######## #.## #.. ........# #.#
##. ........# #######'### ####'
........# #.........# #....
........# ###.........# ###.)..
........# ##.'OYY......####.'....
........###..#.Y@......#....#...<
...!....#..)##.YY/.....#.####....
........'.####.........'.# #....
........### #.........### #....
.....>..# #.........# #####
##'###### #.........# #.##
##'######## #..# #...#
###.####### ####'##### ###


You could see 5 death yaks and a friendly two-headed ogre (summoned, berserk).

Vanquished Creatures
  Erica (D:9)
  A death yak (D:10)
  A two-headed ogre (D:9)
  2 trolls (D:9)
  Grum (D:9)
  A steam dragon (D:6)
  Edmund (D:4)
  2 water moccasins
  A black bear (D:4)
  An ice beast (D:6)
  3 orc warriors
  3 necrophages
  2 centaurs
  5 phantoms
  2 ogres
  2 wolves (D:9)
  3 kobold brigands
  2 bullfrogs
  2 wyvern zombies (D:9)
  A wyvern skeleton (D:6)
  A scorpion (D:4)
  A water moccasin zombie (D:5)
  11 wights
  3 howler monkeys (D:7)
  2 centaur zombies
  3 jellies
  4 hounds
  2 bullfrog skeletons
  A bullfrog zombie (D:6)
  5 orc priests
  An iron imp (D:8)
  Jessica (D:2)
  3 iguanas
  Terence (D:3)
  4 orc wizards
  Natasha (twice) (D:4)
  A killer bee zombie (D:9)
  Robin (D:3)
  7 gnolls
  2 river rats
  10 adders
  2 shadow imps
  A white imp (D:5)
  An adder skeleton (D:5)
  2 worms
  A dart slug (D:3)
  34 orcs
  7 ball pythons
  4 endoplasms
  5 giant cockroaches
  11 goblins
  11 hobgoblins
  4 jackals
  2 quokkas
  3 bats
  2 frilled lizards
  18 kobolds
  13 rats
  A spectral kobold (D:2)
225 creatures vanquished.

Notes
Turn   | Place    | Note
-------+----------+-------------------------------------------
     0 | D:1      | bobregger the Ogre Berserker began the quest for the Orb.
     0 | D:1      | Reached XP level 1. HP: 24/24 MP: 1/1
   244 | D:1      | Reached XP level 2. HP: 22/32 MP: 2/2
   869 | D:1      | Reached XP level 3. HP: 32/40 MP: 3/3
  1485 | D:1      | Reached skill level 5 in Fighting
  1652 | D:1      | Reached XP level 4. HP: 20/50 MP: 4/4
  2325 | D:2      | Found a faded altar of an unknown god.
  2695 | D:2      | Noticed Jessica
  2713 | D:2      | Killed Jessica
  2714 | D:2      | Reached XP level 5. HP: 59/59 MP: 5/5
  2966 | D:2      | Reached ** piety under Trog
  3223 | D:3      | Identified the +0 helmet of Ennui {Dex+5}
  3223 | D:3      | Noticed Robin
  3264 | D:3      | Killed Robin
  3270 | D:3      | Reached skill level 6 in Fighting
  3498 | D:3      | Reached XP level 6. HP: 27/67 MP: 6/6
  3686 | D:3      | Identified the +7 glaive "Keodauda" {drain, rPois rC-
                  | Dex+4}
  3967 | D:3      | Found Unleump's Magic Scroll Boutique.
  4176 | D:3      | Noticed Terence
  4181 | D:3      | Killed Terence
  4433 | D:4      | Noticed Natasha
  4446 | D:4      | Killed Natasha
  4529 | D:4      | Reached skill level 7 in Fighting
  4529 | D:4      | Reached XP level 7. HP: 45/78 MP: 7/7
  4681 | D:4      | Reached skill level 5 in Dodging
  4844 | D:4      | Noticed Edmund
  4856 | D:4      | Killed Edmund
  4931 | D:4      | Noticed Natasha
  4944 | D:4      | Reached skill level 8 in Fighting
  4946 | D:4      | Killed Natasha
  5000 | D:4      | Found a staircase to the Ecumenical Temple.
  5179 | D:5      | Entered Level 5 of the Dungeon
  5253 | D:5      | Reached XP level 8. HP: 81/89 MP: 8/8
  5296 | D:5      | Found a glowing drain.
  5306 | Sewer    | Entered a sewer
  5402 | Sewer    | Reached skill level 9 in Fighting
  5416 | Sewer    | Reached *** piety under Trog
  5437 | Sewer    | Found a white marble altar of Elyvilon.
  6066 | D:5      | Reached skill level 5 in Maces & Flails
  6346 | D:6      | You fall into a shaft and drop 1 floor!
  6862 | D:6      | Reached skill level 10 in Fighting
  6897 | D:6      | Noticed pkoi's ghost (novice DgCj)
  6926 | D:6      | Reached XP level 9. HP: 93/101 MP: 9/9
  6941 | D:6      | Found a runed translucent gate.
  6942 | D:6      | Found a runed translucent gate.
  6943 | D:6      | Found a runed translucent gate.
  7276 | D:6      | Reached skill level 11 in Fighting
  7735 | D:7      | Identified the +0 robe of Summer {Str+2 Int+3}
  8415 | D:7      | Reached skill level 12 in Fighting
  8415 | D:7      | Reached XP level 10. HP: 114/114 MP: 10/10
  8486 | D:8      | Reached **** piety under Trog
  8847 | D:8      | Found a snail-covered altar of Cheibriados.
  9176 | D:9      | Found Napluc's General Store.
  9279 | D:9      | Noticed Erica
  9281 | D:9      | Noticed a two-headed ogre
  9407 | D:9      | HP: 3/175 [troll (8)]
  9810 | D:9      | Killed a two-headed ogre
  9811 | D:9      | Reached skill level 13 in Fighting
  9869 | D:9      | Noticed Grum
  9881 | D:9      | Killed Grum
 10035 | D:9      | Killed Erica
 10262 | D:10     | Entered Level 10 of the Dungeon
 10484 | D:10     | Noticed a death yak
 10495 | D:10     | Noticed a death yak
 10495 | D:10     | Noticed a death yak
 10495 | D:10     | Noticed a death yak
 10496 | D:10     | Noticed a death yak
 10497 | D:10     | Killed a death yak
 10498 | D:10     | Reached skill level 14 in Fighting
 10498 | D:10     | Reached skill level 10 in Dodging
 10498 | D:10     | Reached XP level 11. HP: 130/130 MP: 11/11
 10498 | D:10     | Found a staircase to the Lair.
 10498 | D:10     | Noticed a death yak
 10647 | D:9      | Mangled by a death yak

Illustrated notes

Levels and vault maps discovered:
D:1:      dpeg_arrival_arbitrary_b, layout_basic, minivault_19
D:2:      layout_rooms, serial_co_window_serial, co_window_corner_a,
          co_window_of_opportunity_a, co_window_paths_a, co_window_corner_a,
          co_window_of_opportunity_a, co_window_2corner, co_window_corner_b,
          co_window_corner_cb, co_window_of_opportunity_b, co_window_paths_c,
          co_window_paths_e, co_window_4corner_b, glass_columns_a,
          glass_columns_a, glass_columns_b, glass_columns_b,
          dreamdust_ecumenical_altar_drowned_temple, uniq_jessica
D:3:      layout_basic, serial_shops, shop, uniq_robin, uniq_terence
D:4:      layout_rooms, minmay_temple_entry_nine_rooms, uniq_natasha,
          uniq_edmund
D:5:      layout_loops_corners, gup_sewer_entry_bowl
D:6:      layout_rooms, gammafunk_ghost_icy, kennysheep_generic_room_16
D:7:      layout_loops_ring
D:8:      layout_basic, slow_altar_2
D:9:      layout_roguey, serial_shops, kennysheep_little_box, uniq_grum,
          uniq_erica
D:10:     layout_irregular_city, dpeg_lair_monsters

Skill      XL: |  1  2  3  4  5  6  7  8  9 10 |
---------------+-------------------------------+-----
Dodging        | 3 4 5 7 8 10 | 10.0
Maces & Flails | 3 4 5 6 7 |  7.3
Fighting       | 5 6 7 8 10 12 14 | 14.0

Action                   |  1- 3 |  4- 6 |  7- 9 | 10-12 || total
-------------------------+-------+-------+-------+-------++-------
Melee: Mace              |    72 |   131 |       |       ||   203
       Punch             |       |     4 |     3 |       ||     7
       Flail             |       |    66 |   397 |       ||   463
       Dire flail        |       |       |       |   159 ||   159
Invok: Berserk           |     1 |     9 |     9 |     5 ||    24
       Trog's Hand       |       |       |       |     1 ||     1
       Brothers in Arms  |       |       |       |     1 ||     1
  Use: Scroll            |       |       |     6 |     1 ||     7
       Potion            |       |       |     7 |     1 ||     8
Armor: Animal skin       |    26 |    60 |   170 |       ||   256
       Steam dragon scal |       |       |    42 |    32 ||    74
Dodge: Dodged            |    55 |   120 |   303 |   122 ||   600
